Map: Traitor's Exile

Players

JanSobieski

  • Race: Protoss Protoss
  • Spawn Location: 12:00

IIIChEvYIII

  • Race: Zerg Zerg
  • Spawn Location: 9:00

LOADBLASTER - Winner!

  • Race: Terran Terran
  • League: Grandmaster
  • Spawn Location: 5:00

PureLegacy - Winner!

  • Race: Terran Terran
  • Spawn Location: 6:00

VOD

Have the link to the VOD?

Description

Time

  • Played on: Dec. 1, 2018, 2:56 p.m.
  • Length: 6:12
Show
View Real Time Build Order
Export as new Build Order

JanSobieski Protoss 

Build Orders: Oracle Opening 

Get SALT Encoding   

  12  0:01  Probe  
  13  0:13  Probe  
  14  0:19  Pylon  
  14  0:25  Probe  
  15  0:33  Probe  
  15  0:40  Gateway  
  15  0:41  Probe  
  16  0:47  Assimilator  
  17  0:51  Probe  
  17  0:56  Assimilator  
  18  1:03  Probe  
  19  1:15  Gateway  
  19  1:17  Probe  
  20  1:29  Probe  
  20  1:30  Cybernetics Core  
  21  1:42  Probe  
  21  1:46  Pylon  
  22  1:54  Probe  
  23  1:57  Stalker x2  
  27  2:09  Warp Gate  
  27  2:26  Stalker  
  27  2:27  Stalker  
  31  2:45  Pylon  
  31  2:51  Stargate  
  31  3:02  Stalker  
  33  3:08  Stalker  
  35  3:14  Probe  
  36  3:22  Pylon  
  36  3:32  Stalker  
  36  3:34  Oracle  
  36  3:48  Stalker  
  39  4:11  Phoenix  
  39  4:18  Stalker  
  41  4:26  Probe  
  41  4:30  Nexus  
  36  4:38  Probe  
  35  4:47  Twilight Council  
  35  4:50  Probe  
  34  5:02  Gateway, Probe  
  32  5:14  Probe  
  32  5:15  Adept x2  
  37  5:26  Probe  
  31  5:37  Stalker x2  
  33  5:47  Probe  
  30  5:57  Adept  
  30  5:59  Probe  
Show
View Real Time Build Order
Export as new Build Order

IIIChEvYIII Zerg 

Build Orders: Hatch First 

Get SALT Encoding   

  12  0:01  Drone  
  13  0:15  Overlord  
  13  0:22  Drone  
  14  0:34  Drone  
  14  0:35  Drone  
  17  0:42  Drone  
  17  0:58  Hatchery  
  16  1:05  Extractor  
  15  1:13  Spawning Pool  
  15  1:15  Drone  
  15  1:17  Drone  
  16  1:21  Drone  
  18  1:32  Drone  
  18  1:40  Drone  
  19  2:00  Zergling x4  
  21  2:09  Metabolic Boost  
  21  2:10  Queen  
  21  2:11  Queen  
  21  2:12  Zergling x2  
  21  2:13  Zergling x2  
  27  2:29  Overlord  
  27  2:40  Zergling x2  
  27  2:43  Overlord  
  28  2:49  Zergling x6  
  31  2:53  Zergling x2  
  31  2:56  Zergling x2  
  33  3:03  Zergling x2  
  34  3:07  Zergling x2  
  34  3:11  Queen  
  34  3:12  Queen  
  39  3:15  Zergling x4  
  41  3:23  Overlord  
  41  3:26  Zergling x2  
  41  3:35  Zergling x2  
  41  3:36  Zergling x2  
  41  3:41  Zergling x2  
  41  3:42  Zergling x10  
  46  3:54  Zergling x4  
  44  4:06  Zergling x2  
  44  4:07  Zergling x2  
  43  4:20  Zergling x4  
  35  4:27  Zergling x4  
  37  4:32  Zergling x12  
  43  4:44  Drone x2  
  45  4:52  Hatchery  
  44  4:55  Drone x2  
  46  5:01  Drone  
  46  5:02  Drone x4  
  51  5:12  Zergling x2  
  52  5:16  Overlord x2  
  41  5:40  Zergling x16  
  44  5:54  Zergling x14  
Show
View Real Time Build Order
Export as new Build Order

LOADBLASTER Terran - Winner!

Build Orders: Mech 

Get SALT Encoding   

  12  0:00  SCV  
  13  0:12  SCV  
  14  0:18  Supply Depot  
  14  0:25  SCV  
  15  0:30  Refinery  
  15  0:39  SCV  
  16  0:46  Barracks  
  16  0:51  SCV  
  17  1:03  SCV  
  18  1:16  SCV  
  19  1:33  Orbital Command  
  19  1:36  Marine  
  20  1:45  Command Center  
  20  1:57  Factory  
  20  2:00  SCV  
  21  2:04  Barracks Reactor  
  21  2:12  SCV  
  21  2:14  Supply Depot  
  22  2:18  Refinery  
  22  2:24  SCV  
  23  2:36  SCV  
  24  2:40  Marine x2  
  24  2:41  Widow Mine  
  28  2:45  Starport  
  28  2:48  SCV  
  29  2:57  Marine  
  29  2:58  Marine  
  31  3:02  Orbital Command  
  31  3:04  Factory Tech Lab  
  31  3:15  Marine  
  33  3:20  Marine  
  33  3:22  Medivac  
  33  3:26  Siege Tank  
  38  3:30  SCV  
  38  3:33  Marine, SCV  
  39  3:38  Marine  
  39  3:43  Supply Depot  
  39  3:50  SCV  
  39  3:51  Marine  
  43  3:56  Marine  
  44  4:05  SCV  
  44  4:06  SCV  
  44  4:09  Marine  
  47  4:11  Viking  
  47  4:14  Marine  
  48  4:20  SCV  
  49  4:24  Supply Depot  
  49  4:25  Supply Depot  
  49  4:27  Marine  
  51  4:33  SCV  
  51  4:34  Siege Tank  
  54  4:45  Liberator  
  54  4:46  SCV x2  
  56  4:58  SCV x2  
  58  5:00  Marine x2  
  63  5:07  Supply Depot  
  63  5:10  SCV x2  
  68  5:14  Siege Tank  
  68  5:22  SCV x2  
  65  5:29  Marine  
  65  5:34  SCV  
  60  5:37  SCV, Command Center  
  60  5:45  Refinery x2  
  60  5:46  SCV  
  60  5:49  SCV  
  64  5:59  SCV  
  64  6:01  Factory  
  66  6:05  Factory, Barracks Tech Lab, Starport Reactor  
Show
View Real Time Build Order
Export as new Build Order

PureLegacy Terran - Winner!

Build Orders:  

Get SALT Encoding   

  12  0:01  SCV  
  13  0:13  SCV  
  14  0:18  Supply Depot  
  14  0:25  SCV  
  15  0:30  Refinery  
  15  0:40  SCV  
  16  0:46  Barracks  
  16  0:52  SCV  
  17  1:03  Barracks  
  17  1:17  Barracks  
  17  1:20  SCV  
  18  1:33  Reaper  
  18  1:38  Orbital Command  
  19  1:49  Refinery  
  19  1:52  Reaper  
  20  2:03  Supply Depot  
  20  2:05  Reaper  
  21  2:09  Reaper  
  21  2:12  SCV  
  23  2:26  Reaper  
  23  2:28  SCV  
  25  2:31  Supply Depot  
  24  2:38  Reaper  
  24  2:40  SCV  
  26  2:50  Reaper  
  27  2:52  SCV  
  28  2:58  Reaper  
  28  3:05  SCV  
  30  3:09  Command Center  
  30  3:13  Reaper  
  30  3:18  SCV  
  32  3:30  Command Center  
  32  3:33  Reaper  
  33  3:43  Reaper  
  33  3:45  Reaper  
  33  3:57  Engineering Bay  
  31  4:05  Reaper  
  32  4:13  Barracks x2  
  32  4:15  Reaper  
  31  4:26  Reaper  
  31  4:29  Missile Turret  
  31  4:30  Missile Turret  
  31  4:36  SCV  
  31  4:44  Reaper  
  32  4:52  Reaper  
  33  4:53  SCV  
  34  5:00  Orbital Command  
  34  5:01  Reaper x2  
  37  5:07  Reaper  
  37  5:11  SCV  
  38  5:18  Reaper  
  38  5:40  Reaper x2  
  38  5:41  SCV  
  43  5:57  SCV  
  43  6:00  Command Center  
  45  6:09  Supply Depot  
  45  6:10  Refinery  
Tags
 
Add a new tag
Caveats
  • Supply blocks, unpowered buildings, or Contaminate may cause inaccurate times.
  • Supply counts are checked every 10 seconds.